Map: Interloper LE

Players

Myhome - Winner!

  • Race: Terran Terran
  • League: Diamond
  • Spawn Location: 5:00

Yata

  • Race: Zerg Zerg
  • League: Platinum
  • Spawn Location: 11:00

VOD

Have the link to the VOD?

Description

Time

  • Played on: Sept. 30, 2017, 10:09 p.m.
  • Length: 10:43
Show
View Real Time Build Order
Export as new Build Order

Myhome Terran - Winner!

Build Orders: Command Center First (CC), MMM Bio 

Get SALT Encoding   

  12  0:00  SCV  
  13  0:13  SCV  
  14  0:17  Supply Depot  
  14  0:25  SCV  
  15  0:39  SCV  
  16  0:51  SCV  
  17  1:03  Command Center  
  17  1:04  SCV  
  18  1:16  SCV  
  19  1:22  Barracks  
  19  1:28  SCV  
  20  1:33  Supply Depot  
  20  1:40  SCV  
  20  1:42  Refinery  
  20  1:45  Refinery  
  21  1:53  SCV  
  22  2:06  SCV  
  23  2:20  Barracks  
  23  2:22  Orbital Command  
  23  2:23  Barracks  
  23  2:33  Orbital Command  
  23  2:40  Barracks Reactor  
  23  2:48  SCV  
  24  2:52  Factory  
  24  3:00  SCV x2  
  26  3:08  Marine  
  26  3:10  Marine  
  28  3:13  SCV x2  
  28  3:18  Marine x2  
  32  3:26  Marine  
  33  3:29  Barracks Tech Lab  
  33  3:32  Supply Depot, SCV x2  
  35  3:36  Marine x2  
  36  3:48  Marine x2  
  36  3:54  Marine x2  
  36  3:55  SCV x2  
  40  4:06  Factory Tech Lab, Marine x2  
  40  4:08  SCV x2  
  44  4:13  Marine x2  
  44  4:14  Command Center  
  46  4:24  Stimpack  
  46  4:25  Barracks Reactor, Starport  
  46  4:26  Marine  
  47  4:32  Supply Depot, Marine x2  
  49  4:38  SCV x2  
  49  4:42  Siege Tank  
  54  4:53  Supply Depot, SCV x2, Marine  
  54  4:59  Marine  
  57  5:00  Marine  
  57  5:02  Starport Reactor  
  59  5:09  Barracks  
  59  5:11  Marine, Engineering Bay  
  59  5:12  Marine x2  
  59  5:13  Engineering Bay  
  62  5:19  SCV x2  
  64  5:23  Marine  
  64  5:24  Marine  
  66  5:29  Marine  
  66  5:30  Orbital Command  
  66  5:31  SCV  
  68  5:36  Marine  
  68  5:37  Marine  
  68  5:38  SCV  
  68  5:39  Medivac  
  68  5:40  Medivac  
  75  5:44  Terran Infantry Armor Level 1, Terran Infantry Weapons Level 1  
  75  5:48  Marine x3  
  78  5:54  Supply Depot  
  78  5:56  Supply Depot  
  78  5:57  Marine  
  78  5:58  Barracks Reactor  
  78  5:59  Marine  
  78  6:00  SCV  
  78  6:01  SCV  
  82  6:08  Orbital Command  
  82  6:14  Medivac  
  82  6:15  Medivac, Marine  
  82  6:16  Marine x3  
  90  6:19  Supply Depot  
  90  6:20  Supply Depot, SCV x2  
  92  6:32  Combat Shields, SCV x2  
  95  6:47  SCV x3  
  95  6:51  Marine x4  
  95  6:52  Marine x3  
  104  6:59  SCV x2  
  104  7:00  Supply Depot  
  104  7:01  Supply Depot  
  106  7:02  Medivac  
  106  7:05  Armory  
  106  7:06  Refinery x2  
  108  7:17  Marine x2  
  108  7:18  Marine x5  
  108  7:19  SCV x2  
  108  7:22  SCV  
  118  7:25  Supply Depot  
  118  7:35  Marine x3  
  121  7:42  Barracks x2  
  121  7:43  Barracks  
  121  7:44  Barracks  
  121  7:46  Medivac  
  121  7:47  Medivac, SCV  
  121  7:48  SCV x2  
  121  7:50  Refinery x2  
  128  7:53  Marine  
  128  7:54  Marine x5  
  134  8:05  Sensor Tower  
  134  8:06  Marine, SCV x3  
  134  8:08  Sensor Tower  
  134  8:11  Marine x2  
  134  8:12  Marine  
  141  8:25  SCV x3, Marine x4  
  148  8:29  Supply Depot x2, Marine  
  148  8:30  Supply Depot, Barracks Tech Lab x2  
  148  8:31  Barracks Reactor, Barracks Tech Lab  
  149  8:50  Marine x4  
  150  8:59  Marine x6  
  150  9:01  SCV  
  150  9:02  SCV x2  
  158  9:08  Marine x3  
  161  9:14  SCV, Command Center  
  162  9:17  Marauder x2  
  162  9:18  Marauder x2  
  170  9:25  Marine x3  
  170  9:30  Marine x5  
  178  9:32  Medivac x2  
  182  9:39  Marauder x3  
  182  9:42  SCV  
  182  9:45  Concussive Shells  
  189  10:15  Marine  
  189  10:16  SCV  
  189  10:17  Marine x2  
  189  10:18  Marauder  
  189  10:20  Marine  
Show
View Real Time Build Order
Export as new Build Order

Yata Zerg 

Build Orders: Hatch First 

Get SALT Encoding   

  12  0:00  Drone  
  13  0:13  Overlord  
  13  0:17  Drone  
  14  0:31  Drone x2  
  14  0:35  Drone  
  17  0:54  Hatchery  
  17  0:56  Drone  
  17  1:00  Drone  
  18  1:11  Extractor  
  17  1:17  Spawning Pool  
  16  1:19  Drone  
  16  1:23  Drone  
  18  1:28  Drone  
  19  1:40  Overlord  
  19  1:50  Drone  
  20  2:01  Drone  
  20  2:06  Queen  
  23  2:09  Queen  
  23  2:15  Metabolic Boost  
  25  2:16  Zergling x2  
  25  2:17  Zergling x2  
  25  2:22  Drone  
  28  2:23  Evolution Chamber  
  27  2:32  Drone x2  
  29  2:53  Baneling Nest  
  28  3:06  Drone x6  
  28  3:10  Queen  
  36  3:15  Overlord  
  36  3:16  Overlord  
  36  3:33  Zergling x2  
  37  3:50  Drone  
  37  4:08  Zerg Melee Weapons Level 1  
  37  4:09  Zergling x6  
  40  4:10  Zergling x4  
  42  4:34  Zergling x10, Hatchery  
  46  4:42  Lair  
  46  4:45  Extractor, Drone x3  
  48  4:46  Drone  
  48  4:53  Queen  
  50  5:12  Drone  
  50  5:13  Overlord x2  
  50  5:14  Overlord  
  51  5:38  Drone x3  
  51  5:39  Drone x3  
  57  5:42  Pneumatized Carapace  
  57  6:07  Zergling x8  
  57  6:08  Zergling x6  
  64  6:18  Zerg Missile Weapons Level 1  
  64  6:19  Hydralisk Den  
  64  6:24  Evolution Chamber  
  62  6:37  Queen  
  62  6:38  Queen  
  59  6:54  Hydralisk  
  59  6:55  Hydralisk x7  
  75  7:04  Baneling x2  
  75  7:05  Baneling  
  75  7:13  Queen  
  75  7:14  Overlord x3  
  77  7:20  Drone  
  77  7:21  Drone x3  
  81  7:43  Drone  
  85  7:44  Drone x8  
  85  7:45  Drone x2  
  92  7:57  Queen  
  94  8:00  Zerg Melee Weapons Level 2  
  94  8:10  Zergling x16  
  94  8:11  Hydralisk  
  104  8:14  Overlord  
  104  8:15  Overlord x2  
  87  9:03  Drone x2  
  87  9:04  Drone x5  
  87  9:05  Drone x7  
  101  9:11  Zergling x2  
  101  9:12  Zergling x8  
  101  9:14  Muscular Augments  
  103  9:27  Hydralisk  
  103  9:28  Hydralisk x5  
  115  9:32  Zergling x2  
  115  9:33  Zergling x6  
  119  9:42  Hydralisk  
  121  9:55  Hatchery  
  119  10:04  Hydralisk  
  118  10:08  Zergling x18  
  127  10:19  Zergling x2  
  127  10:20  Zergling x4  
Tags
 
Add a new tag
Caveats
  • Supply blocks, unpowered buildings, or Contaminate may cause inaccurate times.
  • Supply counts are checked every 10 seconds.